[Event "2nd Serbia Open Masters 2022"]
[Site "Novi Sad"]
[Date "2022.06.28"]
[Round "1.44"]
[White "Pham, Khoi"]
[Black "Bronstein, Or"]
[Result "0-1"]
[ECO "B99"]
[WhiteElo "2291"]
[BlackElo "2492"]
[Annotator "TA"]
[PlyCount "195"]
[EventDate "2022.06.28"]
[EventType "swiss"]
[EventCountry "SRB"]
[SourceTitle "playchess.com"]
[Source "ChessBase"]
[SourceQuality "1"]
[TimeControl "40/5400+30:900+30"]

1. e4 c5 2. Nf3 d6 3. d4 cxd4 4. Nxd4 Nf6 5. Nc3 a6 6. Bg5 e6 7. f4 Be7 8. Qf3 h6 9. Bh4 Qc7 10. O-O-O Nbd7 11. Be2 b5 (11... Nxe4 $2 12. Nxe4 (12. Nxe6 fxe6 13. Nxe4 d5 $16) 12... Bxh4 13. Nxe6 $1 fxe6 14. Qh5+ Kf8 15. Nxd6 $18 (15. Qxh4 d5 $16)) 12. e5 {[%emt 0:25:17] B99: Sicilian Najdorf: 6 Bg5 e6 7 f4 Be7 8 Qf3 Qc7 9 0-0-0 Nbd7.} (12. Bxf6 $14 Nxf6 13. e5) 12... Bb7 $11 13. Qg3 (13. exf6 $11 Bxf3 14. Bxf3) 13... dxe5 $17 14. Nxe6 fxe6 15. Qxg7 Rh7 16. Bh5+ Kd8 17. Qg6 Kc8 {[%emt 0:00:00] [#]} 18. Bg4 $146 {[%emt 0:21:08] [#]} ({Predecessor:} 18. Rxd7 Nxd7 19. Qxh7 Bxh4 20. Qg8+ Qd8 21. Qxe6 Qf6 22. Qg8+ Qf8 23. Qe6 Qxf4+ 24. Kb1 {0-1 (44) Sedlak,N (2490)-Ilincic,Z (2530) Budva 2002}) 18... Nf8 (18... exf4 $2 19. Bxe6 Kb8 20. Bxd7 $18) (18... Nxg4 $142 $1 19. Qxh7 Bxh4 20. Qg8+ Bd8 21. Qxg4 b4) 19. Bxe6+ Nxe6 20. Bxf6 Bxf6 21. Qxf6 Qf7 22. fxe5 Qxf6 23. exf6 Kc7 24. Nd5+ Bxd5 25. Rxd5 Rf7 26. Rf1 Rg8 27. Re5 Kd6 28. Re3 {[%emt 0:04:45] And now Rd1+ would win.} Rg5 (28... Nc7 $1 $17 29. g3 Rgf8) 29. h4 $1 $11 Re5 30. Rd3+ (30. Ra3 $1 $11) 30... Kc6 31. g4 Re4 32. Rg3 Nf4 {[%emt 0:00:00] Threatens to win with ...Ne2+.} 33. Ra3 Kb6 34. g5 h5 (34... Nh5 $11 {is more appropriate.}) 35. Raf3 (35. Rd1 $1 $14) 35... Ng6 36. Rh1 Kc5 (36... Nxh4 37. Rxh4 (37. Rfh3 Ng6 $15) 37... Rxh4 38. g6 $16) 37. Rd3 Rg4 38. Rd8 Nxh4 39. Rh8 (39. Rh3 $11 {remains equal.}) 39... Nf3 $17 {[%emt 0:00:18] ...h4 is the strong threat.} 40. R8xh5 {[%emt 0:00:00] Threatening mate with g6+.} Nxg5 {[%emt 0:00:00] Black is more active.} (40... Rxg5 41. Rxg5+ Nxg5 42. Rh5 $16) 41. Rf1 Kb6 42. b3 Ne4 43. Re5 Kc7 (43... Rxf6 44. Rxf6+ Nxf6 45. Re6+ Kb7 46. Rxf6 $14) 44. a4 (44. Re1 $17) 44... b4 ({Inferior is} 44... Nxf6 45. Re6 $11) ({Not} 44... Rxf6 45. Re7+ Kd6 46. Rxf6+ Nxf6 47. Ra7 $17) (44... bxa4 $1 $19 {Strongly threatening ...a3.} 45. Re1 Nxf6) 45. Re6 Nc5 $1 46. Re5 ({Avoid the trap} 46. Re7+ $2 Rxe7 47. fxe7 Re4 $19) 46... Kd6 47. Rff5 (47. Re8 $17) 47... Ne4 $19 48. Rd5+ Kc6 49. Rd4 Rxf6 50. Rc4+ Kd6 51. Rd4+ Ke6 52. Ra5 (52. Rxf6+ $19 Nxf6 53. Rd8) 52... Rf1+ $1 53. Kb2 {[%emt 0:00:06] [#]} Rb1+ $3 54. Kxb1 {[%emt 0:00:15] KRR-KRN} Nc3+ {[%emt 0:00:01][%mdl 64] Discovered Attack} 55. Kb2 Rxd4 56. Rxa6+ {[%emt 0:00:24] KRN-KR} Kd5 $2 (56... Ke7 {mates} 57. Rb6 Kd7 58. Rb8 Kc7 59. Rxb4 Rxb4 60. Kxc3 Rh4 61. b4 Kd6 62. Kb3 Ke5 63. Kc3 Kd5 64. Kb3 Ke5 65. Kc3 Kd5 66. Kb3 Rh3+ 67. c3 Rh4 68. a5 Rh3 69. a6 Kc6 70. Kc4 Rh4+ 71. Kd3 Kb6 72. b5 Kxb5 73. a7 Ra4 74. a8=B Rxa8 75. Kd4 Kc6 76. Ke4 Ra4+ 77. Kf3 Kd5 78. Ke3 Rh4 79. Kf2 Kc4 80. Kf3 Kxc3 81. Kg3 Rd4 82. Kg2 Kd2 83. Kf3 Rc4 84. Kf2 Rc3 85. Kg1 Ke3 86. Kf1 Kf3 87. Kg1 Rc1+ 88. Kh2 Rf1 89. Kh3 Rh1#) 57. Rb6 Kc5 58. Rb8 Rd1 $2 ({Black should play} 58... Kc6 $1 $19 {[%cal Rc6c7] ( -> ...Kc7)} 59. Rc8+ Kb7 60. Rxc3 bxc3+ 61. Kxc3 Rd1) 59. Rc8+ $11 Kb6 60. Rb8+ Ka5 61. Ra8+ Kb6 62. Rb8+ Kc5 63. Rc8+ Kd5 64. Rd8+ Ke4 65. Rxd1 Nxd1+ {[%emt 0:00:01] KN-K3P} 66. Kc1 Nc3 67. Kd2 Kd4 68. Kc1 Ne4 69. Kb2 Nc5 70. a5 Na6 71. Kc1 Ke3 72. Kd1 Nc7 73. Ke1 Ke4 (73... Nb5 $5) 74. Ke2 Kd4 (74... Nb5 $5 75. a6 Kd5 $11) 75. Kd2 Na6 (75... Nb5 $5) 76. Kd1 Kc5 (76... Nc5 $5) 77. Kd2 Kd4 78. Kd1 Nb8 (78... Nc5 $5 79. Ke2 Ke4 $11) 79. Kd2 Nc6 80. a6 Na7 81. Kd1 Kc3 82. Kc1 Nb5 83. Kd1 Kd4 (83... Nc7 $5 84. a7 Kd4 $11) 84. Kd2 Na7 85. Kd1 Ke3 86. Ke1 Nb5 (86... Nc6 $5) 87. Kd1 Ke4 88. Kd2 Kd4 89. Kd1 $2 (89. Ke2 $11) 89... Kc5 $1 90. Kd2 Kb6 91. Kd3 Kxa6 {[%emt 0:00:40] KN-KPP} 92. Kc4 Ka5 93. Kd3 Nc3 94. Kc4 {[%emt 0:00:08] [#]} Na2 $1 95. Kc5 Nc3 96. Kc4 $1 {[%emt 0:00:04] [#]} Nb1 $1 97. Kc5 Na3 98. Kd4 {[%emt 0:06:34] Weighted Error Value: White=0.41/Black=0.33} 0-1

[Event "2nd Serbia Open Masters 2022"]
[Site "Novi Sad"]
[Date "2022.06.28"]
[Round "1.45"]
[White "Janzelj, Tim"]
[Black "Baasansuren, Erdene"]
[Result "0-1"]
[ECO "D35"]
[WhiteElo "2470"]
[BlackElo "2243"]
[Annotator "TA"]
[PlyCount "170"]
[EventDate "2022.06.28"]
[EventType "swiss"]
[EventCountry "SRB"]
[SourceTitle "playchess.com"]
[Source "ChessBase"]
[SourceQuality "1"]
[TimeControl "40/5400+30:900+30"]

1. d4 d5 2. c4 e6 3. Nf3 Nf6 4. Nc3 Nbd7 5. cxd5 exd5 6. Bg5 c6 7. e3 Be7 8. Bd3 h6 9. Bf4 Nh5 {[%emt 0:05:15] D35: Queen's Gambit Declined: Exchange Variation.} 10. O-O Nxf4 11. exf4 O-O {[%emt 0:00:39] The position is equal.} 12. Re1 Bd6 (12... Re8 {feels hotter.} 13. Ne5 Bd6 14. Re3 Qh4) 13. Ne5 Qf6 14. g3 {[%emt 0:08:00] [#]} g6 $146 ({Predecessor:} 14... Nb6 15. Qh5 Re8 16. Nxf7 Rxe1+ 17. Rxe1 Bd7 18. Bg6 Nc4 19. Ne5 Bxe5 20. dxe5 Qe7 {1-0 (37) Le Goff,R (2041)-Duboue,P (2207) Cholet 2012}) 15. Qb3 Rd8 16. Ne4 dxe4 17. Nxf7 $1 Kg7 18. Nxd8 Qxd8 19. Bxe4 Nf6 20. d5 cxd5 (20... c5 $11) 21. Bxd5 $16 Qb6 22. Bf3 (22. Qxb6 $1 $16 axb6 23. Be6) 22... Bb4 23. Re5 {[%emt 0:03:31] Black must now prevent a3.} Bg4 (23... Bf5 $11) 24. Rf1 Bxf3 25. Qxf3 Rd8 26. a3 Bc5 27. Rc1 Bd6 28. Re6 {[%emt 0:04:52] aiming for Qc3.} Kf7 $2 (28... Qxb2 $2 29. Rd1 $18) (28... Rd7 $16) 29. Re2 $2 (29. f5 $18) 29... Be7 30. b4 Rd7 31. Qb3+ Kg7 32. Qb2 Kf7 33. Rce1 ({Better is} 33. Qa2+ $16 Kg7 34. Rd2) 33... Qd6 $14 34. Qb3+ Kf8 (34... Qd5 $1 $14 35. Qxd5+ Nxd5) 35. Re6 $16 Qd4 36. R6e3 ({White should try} 36. Qb1 $16 Kf7 37. f5 gxf5 38. Qxf5) 36... Qd6 (36... Bd8 $14) 37. Qc2 Kf7 38. Qe2 (38. f5 $16 g5 39. Re6) 38... Bd8 $14 39. Re5 Qd3 40. Qa2+ Kf8 41. h4 Kg7 42. Qb2 Kf7 43. Kg2 Ng4 ({Resist} 43... Kg8 44. f5 $16) 44. R5e2 Qd5+ (44... Bf6 $2 45. Qa2+ Kg7 46. f3 $18) 45. f3 Bb6 46. Qc2 {[%emt 0:02:17][%cal Oh4h5] Hoping for h5!} (46. a4 $5 ) 46... h5 47. Qc3 Rc7 48. Qb2 {[%emt 0:01:18] Threatens to win with Rd2.} Rd7 49. Qc2 a6 50. Qc3 Rc7 {[%emt 0:00:40] The board is on fire.} 51. Qb2 {[%emt 0:00:10] Rd2 is the strong threat.} Rd7 52. Qc2 Rc7 53. Qe4 {[%emt 0:00:38] Prevents Ne3+.} (53. Qa4 $2 Ne3+ $1 54. Rxe3 Bxe3 $19) 53... Nf6 {[%emt 0:01:02] Prevents Qe8+. Active counter play!} 54. Qe6+ Qxe6 55. Rxe6 Nd5 56. Rd6 Ne3+ 57. Kh3 Ba7 58. Rd3 Nc4 (58... Nf5 $14) 59. g4 $16 hxg4+ $2 ({Black should play} 59... b5 $14) 60. fxg4 $18 Nb2 61. Rf3 Rd7 (61... Bd4 $142 62. f5 Nc4 63. fxg6+ Kxg6 64. Re6+ Kh7) 62. f5 Nd3 63. fxg6+ Kxg6 64. Ref1 $2 (64. h5+ $18 {has better winning chances.} Kh7 65. Re8) 64... Ne5 $16 65. h5+ Kg7 66. Rf5 Bb8 67. R1f4 (67. Re1 $16 Nc6 68. Re3) 67... Rd3+ $11 68. Kg2 {[%emt 0:00:32] And now Re4 would win.} Rd2+ $2 {[%emt 0:00:46] [#] White now steadily converts the win.} (68... Ng6 $11 {and Black has nothing to worry.} 69. Rf7+ Kg8) 69. Kf1 $1 $18 Ra2 70. Re4 Rxa3 $2 (70... Ra1+ 71. Re1 Rxa3) 71. Rfxe5 ({Weaker is} 71. Rexe5 Bxe5 72. Rxe5 Rb3 $16) 71... Bxe5 72. Rxe5 {[%emt 0:00:04][%mdl 4096] Endgame KR-KR} Kh6 $2 (72... Rb3 73. Re7+ Kh8) 73. Kf2 Rb3 74. Re6+ Kg5 75. Rg6+ Kf4 76. h6 Rb2+ 77. Ke1 Rh2 78. g5 b5 79. Rg7 Ke3 80. Kd1 a5 81. bxa5 {[%emt 0:00:08] White wants to mate with a6.} b4 82. Kc1 {[%emt 0:00:39] White mates.} Kd3 83. Rc7 b3 84. a6 Ra2 85. h7 Kd4 {[%emt 0:01:03][%mdl 32768] Weighted Error Value: White=0.14 (very precise) /Black=0.21 (precise) . Sensor Board Error (Ke4/e5)?} 0-1

[Event "2nd Serbia Open Masters 2022"]
[Site "Novi Sad"]
[Date "2022.06.28"]
[Round "1.46"]
[White "Masic, Predrag"]
[Black "Chanda, Sandipan"]
[Result "0-1"]
[ECO "A10"]
[WhiteElo "2247"]
[BlackElo "2467"]
[Annotator "TA"]
[PlyCount "70"]
[EventDate "2022.06.28"]
[EventType "swiss"]
[EventCountry "SRB"]
[SourceTitle "playchess.com"]
[Source "ChessBase"]
[SourceQuality "1"]
[TimeControl "40/5400+30:900+30"]

1. Nf3 f5 2. c4 Nf6 3. Nc3 g6 4. g3 Bg7 5. Bg2 O-O 6. O-O e6 {[%emt 0:00:31] A10: English Opening: Unusual Replies for Black.} 7. d3 Nc6 8. e4 d6 {[%emt 0:00:15] [#] Against e5} (8... fxe4 $11 9. dxe4 d6) 9. Rb1 $146 ({Better is} 9. exf5 $1 $16 exf5 10. Bd2) ({Predecessor:} 9. exf5 gxf5 10. d4 e5 11. dxe5 dxe5 12. Nh4 Nd4 13. Be3 c6 14. h3 Be6 15. f4 {1-0 (41) Szmetan,J (2404)-Mahia,G (2377) Dos Hermanas 2004}) 9... fxe4 10. dxe4 Ng4 11. Ne2 e5 12. h3 Nh6 13. Nc3 Nf7 14. Be3 Be6 15. b3 g5 16. Qd2 h6 17. Nd5 Ne7 (17... Qd7 $14) 18. Rbc1 (18. h4 $1 $16 ) 18... Ng6 $14 19. Kh2 c6 20. Nc3 Nf4 21. gxf4 gxf4 22. Ne2 fxe3 23. Qxe3 h5 {[%emt 0:04:33] White must now prevent ...Bh6.} 24. Rcd1 Bh6 25. Qc3 Qf6 26. Nfg1 Kh7 27. f4 Rg8 {[%emt 0:00:10] [#]} (27... Rad8 $11 {remains equal.}) 28. f5 $1 $16 Bd7 29. c5 ({White should try} 29. Bf3 $14) 29... Rg7 $40 {[%emt 0:02:31][%mdl 128] Black has some attack.} (29... d5 $1 $15) 30. cxd6 Rag8 31. Bh1 (31. Bf3 $11) 31... Nxd6 $17 32. Qf3 $2 {[%emt 0:07:37] Loses the game.} (32. a4 $17) 32... Nb5 $19 ({Weaker is} 32... Be8 33. a4 $17) 33. Qxh5 $2 (33. Qf2 {was necessary.} Nd4 34. Bf3) 33... Nd4 34. Nxd4 {[%emt 0:02:00] Threatens to win with Nde2.} exd4 35. Nf3 {[%emt 0:00:31] [#] Prevents Qe5+.} Bxf5 $2 {[%emt 0:01:32][%mdl 32768] Weighted Error Value: White=0.38/Black=0.18 (very precise) . Loss on time!?} 0-1

[Event "2nd Serbia Open Masters 2022"]
[Site "Novi Sad"]
[Date "2022.06.28"]
[Round "1.47"]
[White "Parkhov, Yair"]
[Black "Ravic, Nenad"]
[Result "1-0"]
[ECO "E73"]
[WhiteElo "2460"]
[BlackElo "2242"]
[Annotator "TA"]
[PlyCount "91"]
[EventDate "2022.06.28"]
[EventType "swiss"]
[EventCountry "SRB"]
[SourceTitle "playchess.com"]
[Source "ChessBase"]
[SourceQuality "1"]
[TimeControl "40/5400+30:900+30"]

1. d4 Nf6 2. c4 g6 3. Nc3 Bg7 4. e4 d6 5. Be2 O-O 6. Be3 e5 7. d5 a5 8. h4 {[%emt 0:00:30] E73: King's Indian: Averbakh Variation without 6...c5.} h5 9. f3 {[%emt 0:00:30] Inhibits Ng4.} Na6 10. Nh3 {[%emt 0:00:30] White is slightly better.} Bxh3 11. Rxh3 Nc5 12. Qd2 {[%emt 0:00:30] [#]} a4 $146 ({Predecessor:} 12... Qd7 13. O-O-O Na4 14. Nxa4 Qxa4 15. Kb1 b6 16. Qd3 Qd7 17. Rg1 Kh7 18. g4 Bh6 19. Bg5 Ng8 20. f4 hxg4 21. Bxg4 f5 22. Bf3 Kg7 23. exf5 Bxg5 24. hxg5 {1-0 (25) Seirawan,Y (2575)-Balashov,Y (2595) Toluca de Lerdo 1982}) 13. Rh2 c6 14. g3 (14. Rd1 {looks sharper.} Qa5 15. g3 Rfb8 16. Kf1) 14... cxd5 15. cxd5 Rc8 16. Kf1 Qa5 17. Nb5 Qxd2 18. Bxd2 Ne8 19. Rc1 f5 20. exf5 {[%emt 0:00:30] White is more active.} gxf5 21. Bg5 Bf6 {[%emt 0:00:30] Prevents Be7.} (21... Kf7 $142) 22. f4 $1 $16 Rd8 (22... exf4 $16 {was worth a try.} 23. gxf4 Bxb2) 23. fxe5 Bxg5 24. hxg5 f4 25. gxf4 ({But not} 25. Rxh5 $6 fxg3+ 26. Kg1 Rf2 $14) 25... Rxf4+ 26. Kg1 (26. Rf2 $1 $18 Rh4 27. Rg2) 26... Rf5 27. exd6 Rxg5+ 28. Rg2 Rxg2+ 29. Kxg2 b6 30. Rh1 Nxd6 31. Rxh5 Re8 32. Bf1 ({Don't play} 32. Nxd6 $6 Rxe2+ 33. Kg3 Rxb2 $11) 32... Nxb5 33. Bxb5 $14 {[%emt 0:00:30][%mdl 4096] Endgame KRB-KRN} Re4 34. a3 {[%emt 0:00:30] Prevents Rb4.} (34. Kf3 {is interesting.} Rb4 35. d6 Kf7 36. d7) 34... Rd4 35. Rh6 Rd2+ $1 36. Kf3 Rxb2 37. Rxb6 {[%emt 0:00:30] Ke3 is the strong threat.} Rb3+ 38. Kf4 Rxa3 (38... Nd7 $1 $11 {remains equal.} 39. Rb7 (39. Bxd7 Rxb6 40. Ke5 Kf7 $11) 39... Nc5) 39. d6 $1 $16 {[%emt 0:00:30][%cal Bd5d6,Bd6d7][%mdl 32] And now Bc4+ would win.} Kf7 40. Ke5 {[%emt 0:00:30] aiming for Bc4+.} Nd3+ $2 {[%emt 0:00:30][%mdl 8192] This costs Black the game.} (40... Rc3 $16) 41. Kd4 {[%emt 0:15:30] White mates.} Nf4 42. d7 Ke7 {[%emt 0:00:30] [#]} 43. Rd6 $3 Kd8 44. Rf6 Ne2+ 45. Kc5 Ke7 {[%emt 0:00:30] [#]} 46. Rf7+ $3 {[%emt 0:00:30][%mdl 512] Weighted Error Value: White=0.07 (flawless) /Black=0.27 (precise)} 1-0

[Event "2nd Serbia Open Masters 2022"]
[Site "Novi Sad"]
[Date "2022.06.28"]
[Round "1.48"]
[White "Gombocz, Ferenc Jr."]
[Black "Pranav Anand"]
[Result "0-1"]
[ECO "A13"]
[WhiteElo "2241"]
[BlackElo "2479"]
[Annotator "TA"]
[PlyCount "112"]
[EventDate "2022.06.28"]
[EventType "swiss"]
[EventCountry "SRB"]
[SourceTitle "playchess.com"]
[Source "ChessBase"]
[SourceQuality "1"]
[TimeControl "40/5400+30:900+30"]

1. c4 e6 2. g3 Nf6 3. Bg2 d5 4. Nf3 d4 5. O-O c5 6. e3 Nc6 7. exd4 cxd4 8. d3 Bd6 {[%emt 0:00:03] A13: English Opening: 1...e6.} 9. Bg5 h6 10. Bxf6 Qxf6 {[%emt 0:00:03] The position is equal.} 11. Nbd2 Qe7 12. a3 a5 $1 {[%emt 0:00:06] Inhibits b4.} 13. Rc1 O-O 14. Qc2 Rd8 15. Rfe1 Bc7 16. c5 a4 17. Nc4 {[%emt 0:14:14] [#]} (17. Qd1 $11) 17... Qxc5 $146 ({Predecessor:} 17... Rd5 18. Nb6 Bxb6 19. cxb6 Rb5 20. Qc4 Rxb2 21. Nxd4 Rxb6 22. Nxc6 bxc6 23. Bxc6 Bb7 24. Bxb7 Rxb7 {½-½ (41) Oparin,G (2587)-Matlakov,M (2699) Yaroslavl 2018}) 18. Nce5 Qxc2 19. Rxc2 Nxe5 20. Nxe5 Bd6 21. Nc4 Ra6 {[%emt 0:00:00] Inhibits Nb6.} 22. Rec1 $1 Bc5 23. Nd2 (23. Ne5 $11 b6 24. Rc4) 23... b6 24. Ne4 Bd7 25. Nxc5 bxc5 26. Rxc5 Rb6 27. R5c4 Rxb2 (27... Be8 $1 $17 28. Rc8 Rxc8 29. Rxc8 Kf8) 28. Rxd4 $11 Rbb8 29. f4 Kf8 30. Bf3 {[%emt 0:02:32] [#]} (30. Kf2 $1 $11) 30... Be8 $1 $17 31. Rxd8 Rxd8 {[%emt 0:00:00][%mdl 4096] Endgame KRB-KRB} 32. Be2 {[%emt 0:01:51] [#]} Rb8 $1 33. Kf2 Rb3 34. Ra1 Bb5 35. Ke3 Ke7 36. Ra2 Kd6 37. Ra1 (37. h4 $1 $15) 37... Rb2 (37... g6 $17 38. Kd4 h5) 38. h4 $15 Bc6 39. Rc1 Rb3 40. Ra1 Bb5 41. Bf1 (41. g4 $15) 41... h5 $17 42. Be2 f6 43. Bf1 Be8 44. Be2 (44. Ra2 $142) 44... Bg6 45. Ra2 Bf5 {[%emt 0:04:43] Threatens to win with ...g6. Black is more active.} 46. Ra1 $2 {[%emt 0:01:33] Now White is beyond hope.} (46. Bxh5 $17 Rxd3+ 47. Kf2) 46... g6 $19 47. Ra2 e5 48. fxe5+ fxe5 ({Stronger than} 48... Kxe5 49. Ra1 $17) 49. Ra1 (49. Kf2 {keeps fighting.}) 49... Kd5 50. Bf3+ e4 $1 51. Be2 Ke5 {[%emt 0:03:11] White must now prevent ...Bg4.} 52. Ra2 $2 (52. Kd2) 52... Bg4 {[%emt 0:02:51] aiming for ...Bxe2. Black is clearly winning.} 53. Bf1 exd3 {[%emt 0:01:07] Strongly threatening ...Be6.} 54. Ra1 Bf5 55. Bg2 d2+ 56. Kxd2 Rb2+ {[%emt 0:00:02] Weighted Error Value: White=0.35/Black=0.06 (flawless)} 0-1

[Event "2nd Serbia Open Masters 2022"]
[Site "Novi Sad"]
[Date "2022.06.28"]
[Round "1.49"]
[White "Suleymenov, Alisher"]
[Black "Bin-Suhayl, Ieysaa"]
[Result "1-0"]
[ECO "D45"]
[WhiteElo "2445"]
[BlackElo "2255"]
[Annotator "TA"]
[PlyCount "53"]
[EventDate "2022.06.28"]
[EventType "swiss"]
[EventCountry "SRB"]
[SourceTitle "playchess.com"]
[Source "ChessBase"]
[SourceQuality "1"]
[TimeControl "40/5400+30:900+30"]

1. d4 d5 2. c4 c6 3. Nc3 e6 4. e3 Nf6 5. Nf3 Nbd7 6. Be2 Bd6 7. O-O O-O 8. b3 dxc4 9. bxc4 e5 10. Bb2 Re8 11. Qc2 Qe7 {[%emt 0:06:52] was the old line (11...exd4).} 12. Rad1 e4 13. Nd2 Nf8 {[%emt 0:03:26] D45: Semi-Slav: 5 e3.} 14. d5 {[%emt 0:05:00] [#]} Ng6 $146 (14... Qe5 15. g3 Qe7 16. dxc6 $16) (14... Bf5 $11) ({Predecessor:} 14... Bf5 15. dxc6 bxc6 16. Nb3 Qc7 17. h3 Qe7 18. Na4 Ng6 19. Rd2 Rac8 20. Rfd1 Bb8 21. Bf1 {0-1 (43) Dinh,N (1525)-Tong,T (2190) Bac Giang 2020}) 15. c5 ({Better is} 15. dxc6 $1 $16 {[%cal Od2e4] aiming for Ndxe4!} bxc6 16. Ncxe4 $1) 15... Bxc5 $14 {[%emt 0:16:47] White is slightly better.} 16. dxc6 bxc6 {[%emt 0:19:05] [#]} 17. Ncxe4 $1 Nxe4 18. Nxe4 Bb4 (18... Qxe4 19. Qxc5 Nh4 20. f3 $16 (20. Qg5 Ng6 $16)) 19. Ng3 {[%emt 0:03:42] White is much more active.} Ne5 {[%emt 0:05:40] [#]} (19... Rb8 $16 {was worth a try.}) 20. Rd4 $1 $18 {[%emt 0:06:49] And now Re4 would win.} Ba3 $2 (20... Ng6 21. Bd3 (21. Qxc6 Rb8 $16) 21... Qc5) 21. Ba1 Ng6 22. Re4 ({Don't do} 22. Qxc6 $6 Be6 23. Re4 Qc5 $16) 22... Be6 23. Nh5 Bf5 $2 {[%emt 0:00:06] [#]} (23... Qc5 24. Qxc5 Bxc5 25. Nxg7 Re7 26. Nxe6 Rxe6) 24. Qc3 $1 {[%emt 0:00:24][%csl Ga1,Gh5][%cal Rc3g7] White is clearly winning.} Qf8 25. Rxe8 Rxe8 26. Qxg7+ Qxg7 27. Nxg7 {[%emt 0:00:06] Weighted Error Value: White=0.10 (very precise) /Black=0.73} ({Less strong is} 27. Bxg7 Rd8 28. Bc3 h6 $16) 1-0

[Event "2nd Serbia Open Masters 2022"]
[Site "Novi Sad"]
[Date "2022.06.28"]
[Round "1.50"]
[White "Mullick, Raahil"]
[Black "Cabarkapa, Novak"]
[Result "1-0"]
[ECO "B32"]
[WhiteElo "2237"]
[BlackElo "2466"]
[Annotator "TA"]
[PlyCount "65"]
[EventDate "2022.06.28"]
[EventType "swiss"]
[EventCountry "SRB"]
[SourceTitle "playchess.com"]
[Source "ChessBase"]
[SourceQuality "1"]
[TimeControl "40/5400+30:900+30"]

1. e4 c5 2. Nf3 Nc6 3. d4 cxd4 4. Nxd4 e5 5. Nb5 d6 6. N1c3 a6 7. Na3 Be6 8. Nc4 Rb8 {[%emt 0:00:37] The modern move. B32: Sicilian: Löwenthal and Kalashnikov Variations.} 9. Ne3 Nf6 10. g3 h5 {[%emt 0:00:26] The position is equal.} 11. h4 {[%emt 0:00:53] [#]} Rc8 $146 ({Predecessor:} 11... Be7 12. Bg2 Ng4 13. Ncd5 Qd7 14. Nb6 Qd8 15. Nbd5 b5 16. c3 Qd7 17. O-O Bd8 {½-½ (56) So,W (2770)-Radjabov,T (2765) chess24.com INT 2020}) 12. Bg2 g6 13. O-O Bh6 14. Ncd5 Bxd5 15. exd5 Ne7 16. Qd3 Ng4 17. b3 ({Better is} 17. Nxg4 hxg4 18. Bxh6 Rxh6 19. Rfe1) 17... Bxe3 $11 18. Bxe3 Nxe3 19. fxe3 Nf5 20. Rf3 Qe7 {[%emt 0:12:31] [#] Threatens to win with ...e4.} 21. e4 Nd4 22. Rf2 O-O 23. Raf1 Rc7 24. Bh3 {[%emt 0:02:56] Inhibits Rfc8.} Kg7 (24... Nb5 $1 $14 25. Be6 Qd8) 25. c3 $16 Nb5 26. Rc1 Qd8 27. Qe3 $36 {[%emt 0:01:47][%mdl 2048] Hoping for a4. Black is under strong pressure. White is more active.} Qb8 (27... Re7 $16 28. a4 Nc7) 28. a4 $18 Na7 {[%emt 0:00:55] [#]} (28... Qa7 29. Qd2 Na3) 29. Rcf1 $1 {[%emt 0:01:18] aiming for Rf6.} Nc8 $2 (29... f6 {might work better.} 30. g4 hxg4) 30. Qg5 Rxc3 31. Be6 {[%emt 0:01:06][%cal Rf2f7][%mdl 64] Pin} Rc7 (31... Qc7 $18 32. Bxf7 Rxf7 33. Rxf7+ Qxf7) 32. Rf6 (32. Rf5 $142 Qa7+ 33. Kh2 Qe3 34. Qxe3 f6 35. R5f2 b5 36. Bxc8 Rcf7 37. Bxa6) 32... Qa7+ 33. Kh2 {[%emt 0:00:40] Weighted Error Value: White=0.17 (very precise) /Black=0.51} ({Not} 33. Kh1 Qd4 $11) 1-0

[Event "2nd Serbia Open Masters 2022"]
[Site "Novi Sad"]
[Date "2022.06.28"]
[Round "1.51"]
[White "Arnaudov, G. Petar"]
[Black "Mihov, Filip"]
[Result "1-0"]
[ECO "E05"]
[WhiteElo "2467"]
[BlackElo "2235"]
[Annotator "TA"]
[PlyCount "97"]
[EventDate "2022.06.28"]
[EventType "swiss"]
[EventCountry "SRB"]
[SourceTitle "playchess.com"]
[Source "ChessBase"]
[SourceQuality "1"]
[TimeControl "40/5400+30:900+30"]

1. Nf3 d5 2. g3 Nf6 3. Bg2 e6 4. O-O Be7 5. c4 O-O 6. d4 dxc4 7. Nc3 Nc6 8. e4 Rb8 {[%emt 0:00:30] 8...Rb8 is better than 8...a6.} 9. Qe2 {[%emt 0:00:30] E05: Open Catalan: 5 Nf3 Be7.} b5 10. Rd1 $1 b4 {[%emt 0:00:30] [#]} 11. Na4 $146 (11. d5 $11 exd5 12. Nxd5 Nxd5 13. Be3 (13. Rxd5 Qe8 $15)) ({Predecessor:} 11. d5 bxc3 12. dxc6 Qe8 13. bxc3 Qxc6 14. Bg5 Qc5 15. Be3 Qa5 16. Nd4 {1-0 (30) Delchev,A (2360)-Atanasov,P (2370) Pazardzik 1991}) 11... Na5 12. Ne5 Ba6 (12... Qe8 $1 $15 13. Nc5 Bxc5 14. dxc5 Nd7 15. Nxc4 Ba6) 13. Nc5 $11 Bb5 14. Qe1 Nc6 15. Be3 Qe8 16. Nxc6 Bxc6 17. Rac1 Bxc5 18. dxc5 Nxe4 {[%emt 0:00:30] And now ...c3 would win.} 19. Rxc4 Nf6 20. Bh6 {[%emt 0:00:30] [#]} gxh6 (20... Bxg2 $1 $17 21. Kxg2 Rd8) 21. Qe5 $1 $15 Bxg2 $1 22. Kxg2 Qe7 {[%emt 0:00:30] Strongly threatening ...Rfd8.} 23. Rdd4 Rfd8 {[%emt 0:00:30] White must now prevent ...Rxd4.} 24. Rf4 {[%emt 0:00:30] [#]} Rd5 $1 25. Qxf6 Qxf6 26. Rxf6 {[%emt 0:00:30][%mdl 4096] Endgame KRR-KRR} Kg7 27. Rf3 Rb5 (27... c6 $17) 28. Rg4+ Rg5 29. Rgf4 f5 ({Don't do} 29... Rgxc5 30. Rxf7+ Kg8 31. a4 bxa3 32. bxa3 $14) 30. Rd3 Kf6 31. Rh4 h5 {[%emt 0:00:30] next ...Rg4 is good for Black.} 32. c6 Rb6 33. Rd7 Rxc6 34. Rxh7 (34. Rxb4 $11 {keeps the balance.} Rg7 35. Rd2) 34... Kg6 (34... a5 $17) 35. Rh8 $11 a5 36. f4 Kg7 37. Rd8 Rc2+ 38. Kf3 Rg6 {[%emt 0:00:30] Hoping for ...Rh6.} 39. Rxh5 Rh6 $2 (39... Rxb2 $11 40. Rd7+ Kg8) 40. Rd7+ $18 Kg6 {[%emt 0:00:30] [#]} 41. Rg5+ $1 Kf6 {[%emt 0:15:30] Loses the game.} 42. Rgg7 e5 43. Rgf7+ Ke6 44. Rfe7+ Kf6 45. fxe5+ Kg5 46. Rg7+ Rg6 47. h4+ Kh5 48. Rh7+ Rh6 49. Rhf7 {[%emt 0:00:30] Weighted Error Value: White=0.14 (very precise) /Black=0.24 (precise)} 1-0